 Dungeon Crawl Stone Soup version 0.31-a0-233-g139696dc86 (webtiles) character file.

Game seed: 5024718114823279859

833 Anon1729 the Trooper (level 7, -3/60 (61) HPs)
             Began as a Minotaur Monk on July 9, 2023.
             Was a Follower of Uskayaw.
             Slain by an ogre
             ... wielding a +0 giant club
              (11 damage)
             ... on level 5 of the Dungeon.
             The game lasted 00:02:13 (3324 turns).

Anon1729 the Trooper (Minotaur Monk)                Turns: 3324, Time: 00:02:14

HP:   -3/60 (61)    AC: 12    Str: 16    XL:     7   Next: 66%
MP:   1/8           EV:  6    Int:  7    God:    Uskayaw [*.....]
Gold: 227           SH:  0    Dex: 14    Spells: 6/6 levels left

rFire   + . .        c - +1 dagger (vamp)
rCold   + . .        d - orb {light}
rNeg    . . .        i - +0 plate armour
rPois   .            (helmet restricted)
rElec   .            w - +0 cloak of the Blizzard {rF+ rC+ rCorr}
rCorr   +            (no gloves)
SInv    .            (no boots)
Will    .....        m - amulet of the acrobat Stlth
                     (no ring)
HPRegen 0.30/turn    (no ring)
MPRegen 0.11/turn

%: acrobat
@: hasted, glowing, lightly drained, very quick
A: horns 2, retaliatory headbutt
a: Renounce Religion, Stomp


You were on level 5 of the Dungeon.
You worshipped Uskayaw.
Uskayaw was noncommittal.
You visited 2 branches of the dungeon, and saw 8 of its levels.

You collected 227 gold pieces.

Inventory:

Hand Weapons
 a - a +0 short sword
 c - a +1 vampiric dagger (weapon)
Armour
 b - a +0 robe
 d - an orb of light (worn)
 i - a +0 plate armour (worn)
 w - the +0 cloak of the Blizzard (worn) {rF+ rC+ rCorr}
   (You found it on level 4 of the Dungeon)

   rF:        It protects you from fire.
   rC:        It protects you from cold.
   rCorr:     It protects you from acid and corrosion.
Jewellery
 f - an amulet of guardian spirit
 m - an amulet of the acrobat (around neck)
Scrolls
 g - a scroll of blinking {unknown}
 h - a scroll of vulnerability {unknown}
 j - 2 scrolls of identify {unknown}
 k - a scroll of fear {unknown}
 l - 2 scrolls of immolation {unknown}
 o - a scroll of torment {unknown}
 s - a scroll of revelation {unknown}
 t - a scroll of amnesia {unknown}
 u - 4 scrolls of teleportation {unknown}
 y - a scroll of silence {unknown}
Potions
 e - a potion of berserk rage {unknown}
 n - a potion of attraction {unknown}
 p - a potion of haste
 q - a potion of resistance {unknown}
 r - 2 potions of brilliance {unknown}
 v - a potion of lignification {unknown}
 x - a potion of invisibility {unknown}


   Skills:
 + Level 5.5 Fighting
 + Level 5.1 Short Blades
 + Level 3.9 Armour
 + Level 5.1 Dodging
 + Level 2.8 Stealth
 + Level 3.1 Invocations


You had 6 spell levels left.
You didn't know any spells.
Your spell library contained the following spells:

 Spells                   Type           Power      Damage    Failure   Level
 Magic Dart               Conj           0%         1d3       100%        1
 Call Imp                 Summ           0%         N/A       100%        2
 Ensorcelled Hibernation  Hex/Ice        0%         N/A       100%        2
 Passwall                 Tmut/Erth      0%         N/A       100%        2
 Poisonous Vapours        Pois/Air       0%         N/A       100%        2
 Mephitic Cloud           Conj/Pois/Air  0%         N/A       100%        3
 Swiftness                Air            0%         N/A       100%        3
 Tukima's Dance           Hex            0%         N/A       100%        3
 Passage of Golubria      Tloc           0%         N/A       100%        4
 Freezing Cloud           Conj/Ice/Air   0%         6-21      100%        5
 Yara's Violent Unravell  Hex/Tmut       0%         3d3       100%        5


Dungeon Overview and Level Annotations

Branches:
Dungeon (7/15)             Temple (1/1) D:4

Altars:
Cheibriados
Fedhas
Gozag
Kikubaaqudgha
Makhleb
Sif Muna
Uskayaw
Vehumet
Wu Jian
Zin
The Shining One


Innate Abilities, Weirdness & Mutations

You have a pair of horns on your head.
You reflexively headbutt those who attack you in melee.


Message History

The orc is lightly wounded.
The orc barely misses you.
You barely miss the orc.
The orc is lightly wounded.
Aiming: Line Pass
Press: ? - help, Dir - move target The ogre appears confused.
The orc appears confused.
The orc barely misses you.
You hit the orc.
You feel better.
The orc is moderately wounded.
You hit the orc but do no damage.
The orc is moderately wounded.
The orc seems less confused.
The ogre seems less confused.
The orc barely misses you.
You hit the orc but do no damage.
The orc is moderately wounded.
The orc hits you but does no damage.
You hit the orc but do no damage. Your headbutt misses the orc.
The orc is moderately wounded.
You hit the ogre.
You feel better.
The ogre is moderately wounded.
You hit the ogre.
The ogre is heavily wounded.
The ogre hits you with a +0 giant club!
* * * LOW HITPOINT WARNING * * *
Aiming: Line Pass
Press: ? - help, Dir - move target The ogre appears confused.
The orc appears confused.
You can no longer pass through a line of other dancers.
The orc hits itself but does no damage.
You hit the orc but do no damage. You headbutt the orc, but do no damage.
The orc is lightly wounded.
The ogre hits the orc with a +0 giant club!!
The orc is killed!
You aren't carrying any items that you can evoke.
It was a potion of haste.
You feel yourself speed up.
The ogre seems less confused.
You hit the ogre.
You feel better.
The ogre is heavily wounded.
The ogre hits you with a +0 giant club!
You die...

#.###..# .#
..#...#..# .####
#.#...)..#
...?.##.....#..#
#............
#.)>......<
##.#.#..##.
#O#.# ... #@#..
. #.#.## #....
###.# .# #


You could see an ogre.

Vanquished Creatures
  An ice beast (D:5)
  A sky beast (D:5)
  A black bear (D:4)
  2 ogres (D:4)
  A hound (D:5)
  An orc priest (D:3)
  A sleepcap (D:5)
  2 iguanas (D:5)
  An orc wizard (D:3)
  Natasha (thrice) (D:2)
  6 adders
  A gnoll (D:2)
  An ufetubus (D:5)
  2 worms (D:3)
  3 dart slugs
  9 orcs
  7 endoplasms
  2 giant cockroaches (D:3)
  6 goblins
  5 hobgoblins
  4 quokkas (D:4)
  3 ball pythons
  9 bats
  4 frilled lizards
  11 kobolds
  3 rats
90 creatures vanquished.

Notes
Turn   | Place    | Note
-------+----------+-------------------------------------------
     0 | D:1      | Anon1729 the Minotaur Monk began the quest for the Orb.
     0 | D:1      | Reached XP level 1. HP: 19/19 MP: 0/0
   167 | D:1      | Reached XP level 2. HP: 22/27 MP: 1/1
   401 | D:1      | Reached skill level 1 in Armour
   523 | D:1      | Reached XP level 3. HP: 33/33 MP: 2/2
  1002 | D:2      | Noticed Natasha
  1006 | D:2      | Killed Natasha
  1007 | D:2      | Reached skill level 1 in Invocations
  1022 | D:2      | Reached skill level 1 in Stealth
  1063 | D:2      | Reached XP level 4. HP: 40/40 MP: 3/3
  1088 | D:2      | Noticed Natasha
  1099 | D:2      | Killed Natasha
  1534 | D:2      | Noticed Natasha
  1554 | D:2      | Killed Natasha
  1776 | D:3      | Reached XP level 5. HP: 46/46 MP: 5/5
  2333 | D:4      | Identified the +0 cloak of the Blizzard {rF+ rC+ rCorr}
  2336 | D:4      | Noticed an ogre
  2344 | D:4      | Killed an ogre
  2345 | D:4      | Reached XP level 6. HP: 53/53 MP: 6/6
  2516 | D:4      | Reached skill level 5 in Fighting
  2675 | D:4      | Reached XP level 7. HP: 61/61 MP: 7/7
  2680 | D:4      | Found a staircase to the Ecumenical Temple.
  2900 | Temple   | Entered the Ecumenical Temple
  2925 | Temple   | Became a worshipper of Uskayaw the Reveller
  2925 | Temple   | Reached * piety under Uskayaw
  2960 | D:5      | Entered Level 5 of the Dungeon
  3026 | D:5      | Reached ** piety under Uskayaw
  3036 | D:5      | Reached *** piety under Uskayaw
  3041 | D:5      | Reached **** piety under Uskayaw
  3047 | D:5      | Reached ***** piety under Uskayaw
  3180 | D:5      | Reached skill level 5 in Short Blades
  3256 | D:5      | You fall into a shaft and drop 2 floors!
  3294 | D:5      | Reached skill level 5 in Dodging
  3324 | D:5      | Slain by an ogre

Illustrated notes

Levels and vault maps discovered:
D:1:      amcnicky_arrival_feature_with_door, layout_loops_ring, minivault_14,
          minmay_cupped
D:2:      layout_basic, serial_rivers, chequers_serial_rivers_large_a,
          chequers_serial_rivers_small_3, chequers_serial_rivers_small_b,
          chequers_serial_rivers_micro_b, chequers_serial_rivers_small_b,
          minmay_pentomino_t2, uniq_natasha
D:3:      layout_rooms
D:4:      layout_rooms, minmay_temple_entry_glassed_door
D:5:      layout_basic, serial_shops, shop, nicolae_shop_i_like_small_books_too,
          minmay_starry_boxes
D:6:      layout_cave_pools, cheibrodos_sewer_entry_bend, uniq_duvessa
D:7:      layout_basic, mainiacjoe_overflow_alcove_1,
          nicolae_ossuary_entry_giza, dreamdust_wishing_well, grunt_decor_cap,
          uniq_prince_ribbit1, uniq_menkaure, uniq_maggie
Temple:   minmay_temple_bridge_abc

Skill      XL: |  1  2  3  4  5  6  7 |
---------------+----------------------+-----
Armour         | 1 2 3 |  3.9
Fighting       | 4 5 |  5.5
Invocations    | 1 2 3 |  3.1
Stealth        | 1 2 |  2.8
Short Blades   | 4 5 |  5.1
Dodging        | 4 5 |  5.1

Action                     |  1- 3 |  4- 6 |  7- 9 || total
---------------------------+-------+-------+-------++-------
  Melee: Short sword       |    75 |    71 |       ||   146
         Headbutt          |    18 |    48 |    22 ||    88
         Dagger            |       |    85 |    83 ||   168
 Invoke: Line Pass         |       |       |     2 ||     2
    Use: Potion            |       |     1 |     1 ||     2
   Stab: Paralysed         |       |       |     3 ||     3
 Armour: Robe              |     9 |       |       ||     9
         Plate armour      |    23 |    87 |    70 ||   180
  Dodge: Dodged            |    34 |    41 |    45 ||   120

Table legend: (Time is in decaauts)
 A = Elapsed time spent in this place.
 B = Non-inter-level travel time spent in this place.
 C = Inter-level travel time spent in this place.
 D = Time resting spent in this place.
 E = Time spent auto-exploring this place.
 F = Levels seen in this place.
 G = Mean time per level.
                   A        B        C        D        E       F      G
               +--------+--------+--------+--------+--------+-----+--------+
         Total |   3300 |   3145 |    155 |    207 |   2307 |   8 |  412.5 |
       Dungeon |   3254 |   3119 |    135 |    207 |   2290 |   7 |  464.9 |
        Temple |     45 |     25 |     20 |      0 |     17 |   1 |   45.0 |
               +--------+--------+--------+--------+--------+-----+--------+

Top non-repeatable levels by time:
     D:2: 999 daAuts
     D:1: 793 daAuts
     D:4: 677 daAuts
     D:3: 530 daAuts
     D:5: 226 daAuts
  Temple: 45 daAuts
     D:6: 21 daAuts
     D:7: 6 daAuts
